 Dungeon Crawl Stone Soup version 0.29.1-1-gd02db6906a (webtiles) character file.

Game seed: 15490423732615071254

1159 Lremus the Cleaver (level 8, -11/64 HPs)
             Began as a Hill Orc Fighter on Sept 27, 2022.
             Was an Elder of Okawaru.
             Killed from afar by an electric eel (12 damage)
             ... with a bolt of electricity
             ... on level 6 of the Dungeon.
             The game lasted 00:11:07 (5427 turns).

Lremus the Cleaver (Hill Orc Fighter)               Turns: 5427, Time: 00:11:09

Health: -11/64     AC: 13    Str: 21    XL:     8   Next: 39%
Magic:  8/8        EV:  6    Int:  8    God:    Okawaru [****..]
Gold:   212        SH:  4    Dex: 10    Spells: 7/7 levels left

rFire   . . .      SeeInvis .   a - +0 war axe
rCold   . . .      Faith    .   c - +0 buckler
rNeg    . . .      Spirit   .   k - +0 plate armour
rPois   .          Reflect  .   j - +0 helmet
rElec   .          Harm     .   (no cloak)
rCorr   +          Rampage  .   (no gloves)
Will    .....                   s - +0 pair of boots
Stlth   ..........              (no amulet)
HPRegen 0.20/turn               B - ring of resist corrosion
MPRegen 0.11/turn               (no ring)

@: no status effects
A: no striking features
a: Renounce Religion, Heroism, Finesse


You were on level 6 of the Dungeon.
You worshipped Okawaru.
Okawaru was greatly pleased with you.
You visited 1 branch of the dungeon, and saw 6 of its levels.

You collected 324 gold pieces.
You spent 112 gold pieces at shops.

Inventory:

Hand Weapons
 a - a +0 war axe (weapon)
Missiles
 b - 10 boomerangs
 g - 33 stones (quivered)
 r - 2 throwing nets
 y - 4 atropa-tipped darts
Armour
 c - a +0 buckler (worn)
 j - a +0 helmet (worn)
 k - a +0 plate armour (worn)
 l - a +1 leather armour of poison resistance
 s - a +0 pair of boots (worn)
Jewellery
 B - a ring of resist corrosion (left hand)
 D - a +6 ring of intelligence
Scrolls
 f - a scroll of vulnerability {unknown}
 i - a scroll of blinking {unknown}
 m - 3 scrolls of teleportation
 n - a scroll of enchant armour {unknown}
 t - a scroll of identify {unknown}
 x - a scroll of fear {unknown}
 C - a scroll of enchant weapon {unknown}
Potions
 d - a potion of might
 e - 7 potions of curing
 h - 4 potions of attraction {unknown}
 o - 3 potions of heal wounds
 p - a potion of berserk rage {unknown}
 q - a potion of resistance {unknown}
 u - 2 potions of brilliance {unknown}
 v - a potion of invisibility {unknown}
 w - 2 potions of degeneration {unknown}
 z - a potion of lignification {unknown}
 A - a potion of flight {unknown}


   Skills:
 - Level 3.6 Fighting
 + Level 12.5 Axes
 - Level 3.2 Armour
 - Level 0.9 Dodging
 - Level 1.0 Stealth
 - Level 3.2 Shields
 - Level 0.2 Invocations


You had 7 spell levels left.
You didn't know any spells.
Your spell library contained the following spells:

 Spells                   Type           Power      Damage    Failure   Level
 Slow                     Hex            0%         N/A       100%        1
 Confusing Touch          Hex            0%         N/A       100%        3
 Conjure Flame            Conj/Fire      0%         6-21      100%        3
 Ignite Poison            Fire/Tmut/Pois 0%         N/A       100%        3
 Vampiric Draining        Necr           0%         2d6       100%        3
 Sticky Flame             Conj/Fire      0%         2d3       100%        4


Dungeon Overview and Level Annotations

Branches:
Dungeon (6/15)
 Temple: D:4-7

Altars:
Ashenzari
Dithmenos
Elyvilon
Okawaru
Trog
The Shining One

Shops:
D:4 !


Message History

The electric eel shoots out a bolt of lightning at you!
The bolt of electricity hits you.
The electric eel shoots out a bolt of lightning at you!
The bolt of electricity hits the electric eel.
The electric eel completely resists.
The bolt of electricity hits you!
The electric eel shoots out a bolt of lightning at you!
The bolt of electricity hits you! x2
The bolt of electricity misses the electric eel.
The electric eel shoots out a bolt of lightning at you!
The bolt of electricity hits you!
* * * LOW HITPOINT WARNING * * *
The electric eel shoots out a bolt of lightning at you!
The bolt of electricity hits you!
* * * LOW HITPOINT WARNING * * *
You feel much better. The jelly hits you but does no damage.
You slash the electric eel!
The electric eel is heavily wounded.
You slash the jelly!
Your hands burn!
You block the jelly's attack.
You miss the electric eel.
The electric eel is heavily wounded.
You slash the jelly!
Your hands burn!
The electric eel shoots out a bolt of lightning at you!
The bolt of electricity hits the jelly!
The jelly dies!
The bolt of electricity misses you. The bolt of electricity hits you!
* * * LOW HITPOINT WARNING * * *
The electric eel shoots out a bolt of lightning at you!
The bolt of electricity misses you.
You closely miss the electric eel.
The electric eel is heavily wounded.
The electric eel shoots out a bolt of lightning at you!
The bolt of electricity hits you!
* * * LOW HITPOINT WARNING * * *
You barely miss the electric eel.
The electric eel is heavily wounded.
The electric eel shoots out a bolt of lightning at you!
The bolt of electricity hits you.
* * * LOW HITPOINT WARNING * * *
The bolt of electricity hits you!
You die...

#......#...........
#..................
########........##...#
#.......#######.##...#
#.≈≈≈≈≈≈......#.......
#######.≈.....≈≈≈≈≈.#.......
#.....#.≈.####....≈.#.......
#.....#.≈.#...###.≈.#.######
#.....#.≈.#@≈≈._#.≈.#.......
#.....#.≈.#.S...#.≈.#.......
#.J....≈.#.S...#.≈.#.≈......
#hS....≈.#.≈_.##.≈.#.≈......
#.Y....≈.#.≈≈≈...≈.#.≈......
#......≈.#....≈≈≈≈.#.≈######
#......S.#####.....#.≈.....#
#......≈......######.≈.....#
#......≈≈≈≈≈≈≈ ...≈.....#


You could see 2 electric eels.

Vanquished Creatures
  Sigmund (D:3)
  An acid dragon (D:6)
  A sky beast (D:6)
  A bullfrog (D:6)
  4 scorpions (D:5)
  An orc priest (D:3)
  6 iguanas
  12 gnolls
  8 adders
  2 ufetubi (D:5)
  3 worms
  2 dart slugs
  6 orcs
  5 ball pythons
  5 bats
  10 endoplasms
  2 giant cockroaches
  7 goblins
  4 hobgoblins
  5 quokkas
  3 frilled lizards
  6 kobolds
  7 rats
102 creatures vanquished.

Vanquished Creatures (others)
  A jelly (D:6)
  7 plants (D:2)
8 creatures vanquished.

Grand Total: 110 creatures vanquished

Notes
Turn   | Place    | Note
-------+----------+-------------------------------------------
     0 | D:1      | Lremus the Hill Orc Fighter began the quest for the Orb.
     0 | D:1      | Reached XP level 1. HP: 19/19 MP: 1/1
    63 | D:1      | Reached skill level 3 in Axes
   462 | D:1      | Reached XP level 2. HP: 21/26 MP: 2/2
   713 | D:1      | Found a faded altar of an unknown god.
   851 | D:1      | Prayed at the altar of an unknown god.
   851 | D:1      | Became a worshipper of Warmaster Okawaru
   851 | D:1      | Reached * piety under Okawaru
  1156 | D:2      | Reached skill level 4 in Axes
  1280 | D:2      | Reached XP level 3. HP: 30/31 MP: 3/3
  1542 | D:2      | Found a white marble altar of Elyvilon.
  1561 | D:2      | Reached skill level 5 in Axes
  1925 | D:3      | Reached XP level 4. HP: 39/39 MP: 4/4
  2029 | D:3      | Noticed Sigmund
  2038 | D:3      | Killed Sigmund
  2038 | D:3      | Reached ** piety under Okawaru
  2039 | D:3      | Reached skill level 7 in Axes
  2039 | D:3      | Reached XP level 5. HP: 23/45 MP: 2/5
  2039 | D:3      | Reached XP level 6. HP: 27/51 MP: 2/6
  2183 | D:3      | Reached skill level 8 in Axes
  2833 | D:4      | Found a broken altar of Ashenzari.
  2929 | D:4      | Found Huixyom's Distillery.
  2934 | D:4      | Bought a potion of heal wounds for 70 gold pieces
  2934 | D:4      | Bought a potion of curing for 42 gold pieces
  3173 | D:4      | Found an iron altar of Okawaru.
  3350 | D:5      | Entered Level 5 of the Dungeon
  3358 | D:5      | Found a shadowy altar of Dithmenos.
  3394 | D:5      | Reached skill level 9 in Axes
  3474 | D:5      | Reached *** piety under Okawaru
  3475 | D:5      | Reached XP level 7. HP: 38/57 MP: 7/7
  3766 | D:5      | Reached skill level 10 in Axes
  4197 | D:5      | Reached skill level 11 in Axes
  4719 | D:6      | Reached skill level 1 in Stealth
  4719 | D:6      | Reached XP level 8. HP: 57/64 MP: 8/8
  5068 | D:6      | Reached **** piety under Okawaru
  5069 | D:6      | Reached skill level 12 in Axes
  5417 | D:6      | Found a glowing golden altar of the Shining One.
  5420 | D:6      | Found a bloodstained altar of Trog.
  5427 | D:6      | HP: 1/64 [electric eel/bolt of electricity (6)]
  5427 | D:6      | Killed from afar by an electric eel

Illustrated notes

Levels and vault maps discovered:
D:1:      matt_arrival_grand_opening, layout_loops_corners,
          ebering_ecumenical_altar_rust
D:2:      cheibrodos_old_hovel, layout_loops_ring, basic_altar
D:3:      layout_loops_ring, serial_park_tiny_pond, item_on_display_a,
          uniq_sigmund
D:4:      layout_rooms, kennysheep_mini_moat, overflow_temple_1_default,
          serial_shops, kennysheep_little_box, grunt_decor_resistance,
          minmay_misc_feat_room, minmay_cut_off
D:5:      layout_basic, grunt_dithmenos_smoke_and_mirrors,
          corexii_item_surrounded_by_moat
D:6:      layout_gridville, nicolae_overflow_squiral,
          minmay_temple_entry_glassed_door, minmay_diced_spiral

Skill      XL: |  1  2  3  4  5  6  7  8 |
---------------+-------------------------+-----
Axes           | 3 4 5 7 9 11 12 | 12.5
Stealth        | 1 |  1.0
Fighting       | |  3.6
Armour         | |  3.2
Dodging        | |  0.9
Shields        | |  3.2
Invocations    | |  0.2

Action                   |  1- 3 |  4- 6 |  7- 9 || total
-------------------------+-------+-------+-------++-------
Melee: War axe           |   107 |   106 |    98 ||   311
Invok: Heroism           |       |     1 |     3 ||     4
  Use: Scroll            |       |     1 |     1 ||     2
       Potion            |       |       |     1 ||     1
Armor: Scale mail        |     5 |       |       ||     5
       Chain mail        |    17 |       |       ||    17
       Plate armour      |    43 |    56 |    63 ||   162
Dodge: Dodged            |    31 |    18 |    38 ||    87
Block: Buckler           |    32 |    16 |    26 ||    74
